 Dungeon Crawl Stone Soup version 0.18-a0-5-gf1fb587 (webtiles) character file.

510 wvc the Poker (level 6, -1/51 HPs)
             Began as a Draconian Abyssal Knight on Oct 31, 2015.
             Was a Believer of Lugonu.
             Slain by an ogre
             ... wielding a +0 giant club
              (22 damage)
             ... on level 4 of the Dungeon.
             The game lasted 00:07:25 (4316 turns).

wvc the Poker (Draconian Abyssal Knight)            Turns: 4316, Time: 00:07:25

Health: -1/51      AC:  6    Str: 15    XL:     6   Next: 98%
Magic:  8/8        EV: 12    Int: 14    God:    Lugonu [**....]
Gold:   119        SH:  0    Dex: 10    Spells: 0 memorised, 5 levels left

rFire  . . .     SeeInvis .     a - +2 spear
rCold  . . .     Clarity  .     (armour unavailable)
rNeg   . . .     SustAt   .     (no shield)
rPois  .         Gourm    .     (helmet restricted)
rElec  .         Spirit   .     (no cloak)
rCorr  .         Warding  .     (no gloves)
rMut   .         Stasis   .     (no boots)
MR     +....                    (no amulet)
Stlth  +.........               (no ring)
                                f - ring of protection from magic

@: drained, somewhat resistant to hostile enchantments, very unstealthy
A: unfitting armour, cold-blooded, AC +6
a: Depart the Abyss, Bend Space, Renounce Religion


You were on level 4 of the Dungeon.
You worshipped Lugonu.
Lugonu was pleased with you.
You were not hungry.

You visited 1 branch of the dungeon, and saw 4 of its levels.
You visited the Abyss 1 time.

You collected 119 gold pieces.

Inventory:

Hand Weapons
 a - a +2 spear (weapon)
Missiles
 k - 6 javelins (quivered)
Jewellery
 f - a ring of protection from magic (left hand)
Wands
 h - a wand of confusion (20)
Scrolls
 d - a scroll of amnesia
Potions
 c - 2 potions of might {unknown}
 e - a potion of haste
 g - a potion of flight
 i - a potion of ambrosia
Comestibles
 b - 5 bread rations


   Skills:
 - Level 3.2 Fighting
 * Level 7.1 Polearms
 - Level 2.1(2.0) Dodging
 + Level 3.3 Invocations


You had 5 spell levels left.
You didn't know any spells.

Dungeon Overview and Level Annotations

Branches:
Dungeon (4/15)
 Temple: D:4-7

Altars:
Makhleb
Vehumet
Yredelemnul


Innate Abilities, Weirdness & Mutations

Your plain brown scales are hard (AC +6).
Your body does not fit into most forms of armour.
You are cold-blooded and may be slowed by cold attacks.


Message History

The orc priest is severely wounded.
The orc priest closely misses you.
You hit the orc priest.
You kill the orc priest!
Lugonu accepts your kill.
You hit the ogre but do no damage. The ogre barely misses you.
You hit the ogre.
The ogre is lightly wounded.
You hit the ogre.
The ogre is moderately wounded.
The ogre hits you with a giant club!
You hit the ogre. You tail-slap the ogre.
The ogre is heavily wounded.
The ogre barely misses you.
You completely miss the ogre. You tail-slap the ogre.
The ogre is heavily wounded.
You hit the ogre. You tail-slap the ogre.
The ogre is almost dead.
The ogre hits you with a giant club!!
You die...

#.####.###########
#................#
###.....###......#
........'_'......#
######'###########
#.# ######'######
............########
............##.)@Oo#
............##.###o#
............'..# #.#
............#### #.#
............######o#
.............<>...O#
...................#
############...o...#
#.......#


You could see an ogre and 2 orcs.

Vanquished Creatures
  Grinder (D:3)
  The ghost of emiel the Chopper, an amateur FoGl (D:3)
  An orc priest (D:4)
  3 orc wizards
  4 adders
  2 oozes
  An adder skeleton (D:4)
  A giant gecko (D:2)
  14 orcs
  6 hobgoblins
  6 jackals
  A ball python (D:2)
  4 bats
  A giant cockroach (D:1)
  A giant newt (D:2)
  6 goblins
  5 kobolds
  6 rats
64 creatures vanquished.

Notes
Turn   | Place    | Note
--------------------------------------------------------------
     0 | Abyss:1  | wvc the Draconian Abyssal Knight began the quest for the Orb.
     0 | Abyss:1  | Reached XP level 1. HP: 19/19 MP: 2/2
     8 | D:1      | Escaped the Abyss
   422 | D:1      | Reached XP level 2. HP: 26/26 MP: 3/3
  1009 | D:2      | Found a radiant altar of Vehumet.
  1071 | D:2      | Reached ** piety under Lugonu
  1071 | D:2      | Reached XP level 3. HP: 23/31 MP: 4/4
  2139 | D:3      | Reached skill level 4 in Polearms
  2139 | D:3      | Reached XP level 4. HP: 11/38 MP: 6/6
  2647 | D:3      | Noticed Grinder
  3140 | D:3      | Noticed emiel's ghost (amateur FoGl)
  3173 | D:3      | Killed emiel's ghost
  3173 | D:3      | Reached skill level 5 in Polearms
  3173 | D:3      | Reached XP level 5. HP: 15/45 MP: 7/7
  3482 | D:3      | Found a burning altar of Makhleb.
  3482 | D:3      | Noticed an Executioner
  3485 | D:3      | Noticed a hellwing
  3485 | D:3      | Noticed a hellwing
  3676 | D:3      | Killed Grinder
  3676 | D:3      | Reached skill level 6 in Polearms
  3676 | D:3      | Reached XP level 6. HP: 11/51 MP: 8/8
  4204 | D:4      | Found a basalt altar of Yredelemnul.
  4299 | D:4      | Reached skill level 7 in Polearms
  4316 | D:4      | Slain by an ogre

Vault maps used:
D:1:      kilobyte_arrival_exit_the_forest
D:2:      lemuel_round_altar, first_bread
D:3:      makhleb_altar_promises_db, uniq_grinder
D:4:      kennysheep_mini, uniq_blork_the_orc

Action                   |  1- 3 |  4- 6 || total
-------------------------+-------+-------++-------
Melee: Spear             |   143 |   156 ||   299
Throw: Javelin           |       |     7 ||     7
  Use: Scroll            |     4 |     2 ||     6
       Potion            |     1 |     5 ||     6
 Stab: Sleeping          |     3 |       ||     3
  Eat: Fruit             |     4 |       ||     4
       Chunk             |     2 |       ||     2
       Pizza             |     1 |       ||     1
       Meat ration       |       |     1 ||     1
